 Dungeon Crawl Stone Soup version 0.20-a0-350-ga83eecc (webtiles) character file.

23 Duskembrace the Vexing (level 2, -2/19 HPs)
             Began as a Vampire Enchanter on Dec 23, 2016.
             Slain by a kobold
             ... wielding a +0 whip of electrocution
              (10 damage)
             ... on level 1 of the Dungeon.
             The game lasted 00:01:43 (770 turns).

Duskembrace the Vexing (Vampire Enchanter)           Turns: 770, Time: 00:01:44

Health: -2/19      AC:  3    Str:  7    XL:     2   Next: 75%
Magic:  5/5        EV: 12    Int: 17    God:
Gold:   49         SH:  0    Dex: 14    Spells: 2/5 levels left

rFire  . . .     SeeInvis +     a - +1 dagger
rCold  . . .     Gourm    .     b - +1 robe
rNeg   + . .     Faith    .     (no shield)
rPois  .         Spirit   .     (no helmet)
rElec  .         Reflect  .     (no cloak)
rCorr  .         Harm     .     (no gloves)
MR     .....                    (no boots)
Stlth  +++.......               (no amulet)
                                (no ring)
                                (no ring)

@: no status effects
A: fangs 3, see invisible, unbreathing
a: no special abilities


You were on level 1 of the Dungeon.
You were not thirsty.

You visited 1 branch of the dungeon, and saw 1 of its levels.

You collected 49 gold pieces.

Inventory:

Hand Weapons
 a - a +1 dagger (weapon)
Armour
 b - a +1 robe (worn)
Jewellery
 h - an uncursed ring of ice {unknown}
Scrolls
 f - 2 scrolls of identify {unknown}
 g - a scroll of enchant armour {unknown}
 i - a scroll of enchant weapon {unknown}
 j - a scroll of magic mapping {unknown}
Potions
 d - 6 potions of blood
 e - a potion of curing {unknown}
Books
 c - a book of Maledictions

   Spells                             Type                      Level
   a - Corona                         Hexes                        1
   b - Ensorcelled Hibernation        Hexes/Ice                    2
   c - Confuse                        Hexes                        3
   d - Tukima's Dance                 Hexes                        3
   e - Dazzling Spray                 Conjuration/Hexes            3


   Skills:
 + Level 1.2 Short Blades
 - Level 2.1 Dodging
 + Level 5.0 Stealth
 - Level 2.0 Spellcasting
 * Level 5.4 Hexes


You had 2 spell levels left.
You knew the following spells:

 Your Spells              Type           Power        Failure   Level  Hunger
a - Corona                Hex            ###....      2%          1    #......
b - Ensorcelled Hibernat  Hex/Ice        ##....       12%         2    ###....


Dungeon Overview and Level Annotations

Branches:
Dungeon (1/15)

Altars:


Innate Abilities, Weirdness & Mutations

You have razor-sharp teeth.
You have supernaturally acute eyesight. (SInv)
You can survive without breathing.


Message History

j - a scroll labeled ODOBBUS NEEMP You see here a hobgoblin corpse.
You now have 49 gold pieces (gained 7).
Found a meat ration.
A frilled lizard comes into view.
The frilled lizard hisses angrily.
A goblin comes into view. It is wielding a club.
A kobold comes into view. It is wielding a whip of electrocution.
Found a shield.
A bat comes into view.
The frilled lizard closely misses you. The frilled lizard misses you.
The kobold hits you but does no damage.
You are electrocuted!
You closely miss the bat.
The goblin shouts!
The bat barely misses you. The frilled lizard bites you.
The kobold hits you with a whip of electrocution.
You are electrocuted!
Ouch! That really hurt!
You die...

##### ## ######....
...############......###
............##.#.#####
..............###....#
##l.....##.#.###.#
#..@##..###.##
..g...K..#.%# #.#
#.###[...#..# #.#
##.#b#..# #.# .. .#..#
#.# ### ..... ..# .#..#
..# .. ..#


You could see a goblin, a bat, a kobold and a frilled lizard.

Vanquished Creatures
  An ooze (D:1)
  A dart slug (D:1)
  A leopard gecko (D:1)
  A bat (D:1)
  A giant cockroach (D:1)
  2 goblins (D:1)
  2 hobgoblins (D:1)
  3 kobolds (D:1)
  4 rats (D:1)
16 creatures vanquished.

Notes
Turn   | Place    | Note
-------+----------+-------------------------------------------
     0 | D:1      | Duskembrace the Vampire Enchanter began the quest for the Orb.
     0 | D:1      | Reached XP level 1. HP: 13/13 MP: 3/3
   364 | D:1      | Reached skill level 5 in Hexes
   364 | D:1      | Reached XP level 2. HP: 19/19 MP: 5/5
   368 | D:1      | Learned a level 2 spell: Ensorcelled Hibernation
   711 | D:1      | Reached skill level 5 in Stealth
   770 | D:1      | Slain by a kobold

Vault maps used:
D:1:      tarquinn_simple_flora_water_e

Skill      XL: |  1  2 |
---------------+-------+-----
Hexes          | 5 |  5.4
Stealth        | 5 |  5.0
Short Blades   | |  1.2
Dodging        | |  2.1
Spellcasting   | |  2.0

Action                   || total
-------------------------++-------
Melee: Dagger            ||    39
       Bite              ||     5
 Cast: Corona            ||     2
       Ensorcelled Hiber ||     4
 Stab: Sleeping          ||     8
Armor: Robe              ||     9
Dodge: Dodged            ||    30
